AoeStats
← mryendl2410

Coastal Forest

510298731Analyzed
4v4 RM · 20h ago on Sep 30, 2026· 19m 56s· 8 players
Game mode
Random Map
Map size
Large (8 player)
Population
200
Speed
Normal
Resources
Standard
Victory
Conquest
Starting age
Dark Age
Ending age
Imperial Age
RankedLock teamsTeams togetherTeam positionsShared explorationLock speedFull tech treeHidden civsTurbo modeCheats
Victory
Defeat
🇭🇺 Saracens · Hungary
1404
+14
1392
+14
🇸🇪 Persians · Sweden
1365
+16
🇦🇷 Byzantines · Argentina
1321
+17
🇨🇳 Huns · China
1397
-16
🇻🇳 Japanese · Vietnam
1367
-16
🇻🇳 Ethiopians · Vietnam
1341
-15
🇨🇳 Khmer · China
1319
-14
piecardinap
10:44 Loom
13:04 Feudal Age
13:48 Horse Collar
16:32 Castle Age
17:25 Double-Bit Axe
19:44 Wheelbarrow
丧心病狂
10:58 Feudal Age
11:58 Double-Bit Axe
12:48 Forging
12:43 Scale Barding Armor
12:25 Horse Collar
15:13 Loom
mryendl2410
11:55 Feudal Age
12:33 Loom
15:50 Castle Age
13:38 Double-Bit Axe
16:01 Fletching
16:11 Crossbowman
16:47 Bodkin Arrow
18:06 Padded Archer Armor
18:44 Ballistics
后入显风格
10:33 Feudal Age
14:32 Castle Age
12:20 Double-Bit Axe
12:52 Horse Collar
14:35 Loom
Itsalright7
2:12 Loom
6:36 Loom
12:13 Feudal Age
16:33 Castle Age
14:31 Double-Bit Axe
16:24 Fishing Lines
17:15 Medium Warships
16:56 Gillnets
20:24 Scale Barding Armor
20:30 Forging
Chungus
10:14 Feudal Age
10:01 Loom
11:04 Double-Bit Axe
12:15 Forging
15:55 Bloodlines
16:17 Bloodlines
20:30 Castle Age
Yasuo, the Unforgiven
7:19 Loom
10:00 Feudal Age
11:06 Double-Bit Axe
13:45 Horse Collar
19:15 Castle Age
18:12 Bloodlines
18:26 Gold Mining
Agua Mineral
10:33 Feudal Age
10:51 Loom
16:17 Fletching
Connection lost

Rejoining the realm…

Still unreachable

The connection could not be restored.

Session expired

The server has moved on; the page needs a fresh start.